 Dungeon Crawl Stone Soup version 0.30-a0-174-gbc10bd73c2 (webtiles) character file.

Game seed: 11694106510999753541

72 qw the Chopper (level 4, -3/28 HPs)
             Began as a Gargoyle Fighter on Oct 1, 2022.
             Slain by an ogre
             ... wielding a +0 giant club
              (11 damage)
             ... on level 3 of the Dungeon.
             The game lasted 00:00:46 (1894 turns).

qw the Chopper (Gargoyle Fighter)                   Turns: 1894, Time: 00:00:47

Health: -3/28      AC: 13    Str: 22    XL:     4   Next: 26%
Magic:  4/4        EV:  7    Int:  8    God:
Gold:   89         SH:  4    Dex:  9    Spells: 3/3 levels left

rFire   . . .      SeeInvis .    Y - +0 war axe
rCold   . . .      Faith    .    c - +0 buckler
rNeg    + . .      Spirit   .    m - +0 chain mail
rPois   inf        Reflect  .    (no helmet)
rElec   +          Harm     .    (no cloak)
rCorr   .          Rampage  .    g - +0 pair of gloves
Will    .....                    (no boots)
Stlth   ..........               (no amulet)
HPRegen 0.24/turn                (no ring)
MPRegen 0.09/turn                (no ring)

@: no status effects
A: sickness immunity, AC +3, negative energy resistance 1, electricity
resistance, torment resistance 1, petrification resistance
a: no special abilities


You were on level 3 of the Dungeon.
You visited 1 branch of the dungeon, and saw 3 of its levels.

You collected 89 gold pieces.


Innate Abilities, Weirdness & Mutations

You are immune to sickness and miasma.
Your stone body is resilient. (AC +3)
You are immune to poison.
You resist negative energy. (rN+)
You are resistant to electric shocks. (rElec)
You are resistant to unholy torment.
You are immune to petrification.


   Skills:
 - Level 3.2 Fighting
 + Level 4.0 Axes
 - Level 3.2 Armour
 - Level 3.2 Shields


You had 3 spell levels left.
You didn't know any spells.
Your spell library was empty.

Inventory:

Hand Weapons
 e - the +8 whip of Paper {freeze, *Noise rElec rF++}
   (You found it on level 2 of the Dungeon)

   It freezes those it strikes, dealing additional cold damage.
   It can also slow down cold-blooded creatures.
   rF:        It greatly protects you from fire.
   rElec:     It insulates you from electricity.
   *Noise:    It may make noises in combat.
 Y - a +0 war axe (weapon)
Armour
 b - a +2 scale mail of fire resistance
 c - a +0 buckler (worn)
 g - a +0 pair of gloves (worn)
 m - a +0 chain mail (worn)
Jewellery
 a - a ring of ice
 j - a ring of ice
Scrolls
 k - 3 scrolls of teleportation
 o - 2 scrolls of identify {unknown}
 p - a scroll of fear {unknown}
 q - a scroll of enchant weapon {unknown}
 r - a scroll of butterflies {unknown}
Potions
 d - 2 potions of might
 f - a potion of curing {unknown}
 h - a potion of ambrosia {unknown}
 i - a potion of haste {unknown}
 l - a potion of cancellation {unknown}
 n - a potion of degeneration {unknown}

Dungeon Overview and Level Annotations

Branches:
Dungeon (3/15)

Altars:

Shops:
D:3 [

Annotations:
D:3 1 transporter, qw's ghost, amateur GrFi


Message History

The ogre shouts!
A ball python comes into view.
The ball python moves out of view.
You enter the shallow water.
Moving in this stuff is going to be slow.
A goblin comes into view. It is wielding a +0 dagger.
The goblin shouts!
There is an entrance to Canerag's Antique Armour Boutique here.
1883 ||| SHOPLISTING cloak (139 gold, have 89).
You can access your shopping list by pressing '$'.
1883 ||| SHOPLISTING glowing helmet (232 gold, have 89).
You can access your shopping list by pressing '$'.
1883 ||| SHOPLISTING slimy chain mail (294 gold, have 89).
You can access your shopping list by pressing '$'.
You enter the shallow water.
Moving in this stuff is going to be slow.
Found a stone staircase leading up.
Enter note: You closely miss the goblin.
The goblin hits you but does no damage.
You slash the goblin!
You kill the goblin!
You slash the goblin!
You kill the goblin!
You slash the ogre!
The ogre is moderately wounded.
The ogre hits you with a +0 giant club!
You slash the ogre!
The ogre is severely wounded.
You block the ogre's attack.
You slash the ogre!
The ogre is almost dead.
The ogre barely misses you.
You closely miss the ogre.
The ogre is almost dead.
The ogre hits you with a +0 giant club!
You barely miss the ogre.
The ogre is almost dead.
The ogre hits you with a +0 giant club!
You die...

#..#.#..#...........#
'.#.#%#.+.#)##......#
#..#%#..#...##......#
##.....##.......#.###
# .###'###....###.....
#.
.............#####...<
#.###.#####....# ..#
..# #.# #####..###..##
#####.###...~.~.@O...#
#......#~~.~~####.#
####...####~~\~~.#
#....### #~~~~~.#
..#..# ##~~~#..O..
....## ##..####..
)....## ##.# .
.###..########.# .#
##........ ..


You could see an ogre.

Vanquished Creatures
  An adder (D:2)
  4 orcs (D:3)
  7 ball pythons
  3 endoplasms
  2 giant cockroaches (D:1)
  6 goblins
  6 hobgoblins
  4 jackals (D:2)
  6 bats
  3 frilled lizards
  6 kobolds
  6 rats
54 creatures vanquished.

Notes
Turn   | Place    | Note
-------+----------+-------------------------------------------
     0 | D:1      | qw the Gargoyle Fighter began the quest for the Orb.
     0 | D:1      | Reached XP level 1. HP: 14/14 MP: 1/1
     0 | D:1      | 0 ||| qw: Version: 0.2-a-13-gfc7b4b4
     0 | D:1      | 0 ||| qw: Game counter: 1857
     0 | D:1      | 0 ||| qw: Always use a shield: true
     0 | D:1      | 0 ||| qw: God list: Okawaru
     0 | D:1      | 0 ||| qw: Allow faded altars: false
     0 | D:1      | 0 ||| qw: Do Orc after D:15 true
     0 | D:1      | 0 ||| qw: Do second Lair branch before Depths: true
     0 | D:1      | 0 ||| qw: Lair rune preference: random
     0 | D:1      | 0 ||| qw: Plans: Normal, Zot:1-4, God:TSO, Crypt, Tomb,
                  | Pan, Slime:5, Hells, Abyss, Orb
     0 | D:1      | 0 ||| PLANNING D:1-11
    49 | D:1      | Reached skill level 2 in Axes
   152 | D:1      | Reached XP level 2. HP: 19/19 MP: 2/2
   255 | D:1      | 255 ||| Stepping ~*~*~tactically~*~*~ (stealth).
   256 | D:1      | 256 ||| Stepping ~*~*~tactically~*~*~ (stealth).
   257 | D:1      | 257 ||| Stepping ~*~*~tactically~*~*~ (stealth).
   277 | D:1      | 277 ||| DROPPING +0 club.
   410 | D:1      | Reached skill level 3 in Axes
   416 | D:1      | 416 ||| Stepping ~*~*~tactically~*~*~ (stealth).
   611 | D:1      | 611 ||| UPGRADING to +0 pair of gloves.
   616 | D:1      | 616 ||| READING scroll labelled CAUFRO XOF.
   629 | D:1      | 629 ||| READING scroll labelled UPTIM MAUFAJE.
   656 | D:2      | Reached XP level 3. HP: 20/23 MP: 3/3
   656 | D:2      | 656 ||| STAIRDANCE
   705 | D:2      | Identified the +8 whip of Paper {freeze, *Noise rElec rF++}
   707 | D:2      | 707 ||| DROPPING +0 whip.
  1277 | D:2      | 1277 ||| Stepping ~*~*~tactically~*~*~ (stealth).
  1377 | D:2      | 1377 ||| UPGRADING to +0 chain mail.
  1387 | D:2      | 1387 ||| DROPPING +0 scale mail.
  1388 | D:2      | 1388 ||| READING scroll labelled IDOULAYS BOSA.
  1502 | D:3      | 1502 ||| STAIRDANCE
  1507 | D:3      | 1507 ||| STAIRDANCE
  1515 | D:3      | Reached XP level 4. HP: 12/28 MP: 4/4
  1519 | D:3      | 1519 ||| STAIRDANCE
  1675 | D:3      | Noticed qw's ghost (amateur GrFi)
  1762 | D:3      | Found a transporter.
  1778 | D:3      | Reached skill level 4 in Axes
  1836 | D:3      | Noticed an ogre
  1836 | D:3      | Noticed an ogre
  1877 | D:3      | Found Canerag's Antique Armour Boutique.
  1879 | D:3      | Noticed an ogre
  1883 | D:3      | 1883 ||| SHOPLISTING cloak (139 gold, have 89).
  1883 | D:3      | 1883 ||| SHOPLISTING glowing helmet (232 gold, have 89).
  1883 | D:3      | 1883 ||| SHOPLISTING slimy chain mail (294 gold, have 89).
  1894 | D:3      | Slain by an ogre

Levels and vault maps discovered:
D:1:      minmay_arrival_radiant_lines, layout_basic,
          nicolae_figureground_sparkle
D:2:      layout_basic
D:3:      layout_rooms, serial_shops, nicolae_shop_waterfront,
          dreamdust_ecumenical_altar_hidden_monk_grotto, gammafunk_ghost_smash,
          minmay_box_of_dots

Skill      XL: |  1  2  3  4 |
---------------+-------------+-----
Axes           | 2 3 4 |  4.0
Fighting       | |  3.2
Armour         | |  3.2
Shields        | |  3.2

Action                   |  1- 3 |  4- 6 || total
-------------------------+-------+-------++-------
Melee: War axe           |    94 |    39 ||   133
  Use: Scroll            |     3 |       ||     3
Armor: Scale mail        |    30 |       ||    30
       Chain mail        |    19 |    20 ||    39
Dodge: Dodged            |    46 |    14 ||    60
Block: Buckler           |    13 |     7 ||    20

Table legend:
 A = Non-vault XP
 B = Vault XP
 C = Vault XP percentage of total XP
 D = Non-vault monster count
 E = Vault monster count
 F = Vault count percentage of total count
                 A         B        C        D         E       F
            +---------+---------+-------+---------+---------+-------
      Total |     101 |       3 |   2.9 |      51 |       3 |   5.6
            +---------+---------+-------+---------+---------+-------
        D:1 |      32 |       0 |   0.0 |      21 |       0 |   0.0
        D:2 |      38 |       0 |   0.0 |      15 |       0 |   0.0
        D:3 |      31 |       3 |   8.8 |      15 |       3 |  16.7
            +---------+---------+-------+---------+---------+-------
